 Dungeon Crawl Stone Soup version 0.29-a0-284-gf9362112df (webtiles) character file.

Game seed: 6370717194068260558

112 Oblizorion the Chopper (level 4, -3/40 HPs)
             Began as a Hill Orc Fighter on Mar 24, 2022.
             Slain by an iguana (4 damage)
             ... on level 5 of the Dungeon.
             The game lasted 00:12:09 (2188 turns).

Oblizorion the Chopper (Hill Orc Fighter)           Turns: 2188, Time: 00:12:10

Health: -3/40      AC: 10    Str: 20    XL:     4   Next: 93%
Magic:  4/4        EV:  7    Int:  8    God:
Gold:   118        SH:  4    Dex: 10    Spells: 3/3 levels left

rFire   + . .      SeeInvis .   a - +0 war axe
rCold   . . .      Faith    .   c - +0 buckler
rNeg    + . .      Spirit   .   h - +0 chain mail
rPois   .          Reflect  .   (no helmet)
rElec   .          Harm     .   g - +0 cloak
rCorr   .          Rampage  .   (no gloves)
Will    +....                   (no boots)
Stlth   ..........              j - amulet of the acrobat
HPRegen 0.13/turn               q - ring "Ytaps" {rF+ rN+ Will+}
MPRegen 0.09/turn               (no ring)

@: mighty
A: no striking features
a: no special abilities


You were on level 5 of the Dungeon.
You visited 1 branch of the dungeon, and saw 4 of its levels.

You collected 118 gold pieces.

Inventory:

Hand Weapons
 a - a +0 war axe (weapon)
Missiles
 e - 97 stones (quivered)
 r - 2 javelins
Armour
 c - a +0 buckler (worn)
 g - a +0 cloak (worn)
 h - a +0 chain mail (worn)
Jewellery
 j - an amulet of the acrobat (around neck)
 q - the ring "Ytaps" (left hand) {rF+ rN+ Will+}
   (You found it on level 3 of the Dungeon)

   [ring of protection from fire]

   rF:        It protects you from fire.
   rN:        It protects you from negative energy.
   Will:      It increases your willpower.
Scrolls
 i - a scroll of fear {unknown}
 m - a scroll of amnesia {unknown}
 n - 2 scrolls of magic mapping {unknown}
 t - a scroll of identify {unknown}
Potions
 b - a potion of flight {unknown}
 d - a potion of might
 f - 2 potions of heal wounds {unknown}
 k - a potion of magic {unknown}
 l - 2 potions of invisibility {unknown}
 o - a potion of mutation {unknown}
 p - a potion of attraction {unknown}
 s - a potion of curing {unknown}


   Skills:
 + Level 4.0 Fighting
 + Level 5.0 Axes
 + Level 3.8 Armour
 + Level 0.1 Stealth
 + Level 4.0 Shields


You had 3 spell levels left.
You didn't know any spells.
Your spell library was empty.

Dungeon Overview and Level Annotations

Branches:
Dungeon (3/15)

Altars:
Cheibriados


Message History

The iguana bites you!
An iguana comes into view.
The iguana hisses angrily.
The iguana attacks as you move away! The iguana completely misses you. x2
The iguana attacks as you move away!
The iguana bites you but does no damage.
The iguana attacks as you move away! You block the iguana's attack.
The iguana attacks as you move away!
The iguana bites you but does no damage.
The iguana attacks as you move away! The iguana completely misses you.
The iguana attacks as you move away! The iguana bites you!
* * * LOW HITPOINT WARNING * * *
The iguana attacks as you move away! The iguana misses you.
The iguana attacks as you move away! The iguana completely misses you.
Found 13 gold pieces.
The iguana attacks as you move away! The iguana closely misses you.
The iguana attacks as you move away! You block the iguana's attack.
The iguana attacks as you move away! The iguana completely misses you.
A necrophage comes into view.
The iguana misses you.
Found 3 scrolls labelled NEADYT FUOSTRAACE.
The iguana attacks as you move away! You block the iguana's attack.
The necrophage closely misses you. The iguana attacks as you move away!
The iguana closely misses you. The iguana attacks as you move away!
The iguana misses you.
The necrophage attacks as you move away!
The necrophage completely misses you. The iguana attacks as you move away!
The iguana misses you.
You feel very mighty all of a sudden. The iguana bites you!
* * * LOW HITPOINT WARNING * * *
You slash the iguana!
You kill the iguana!
You slash the iguana!
The iguana bites you but does no damage.
Your Axes skill increases to level 5!
You slash the necrophage!
The necrophage is moderately damaged.
You barely miss the iguana. The iguana bites you.
You die...

W.#..#...# #...#
.###.o...#####..# .#
#.....#..##..# ## . .#
###.........# #.#..
### ###...#o..###....
..# #..##.o..#..#
..#.. ...###.......#
........####...ln..#
.......##......W@.##
...#..............#
...#.....#..........
###.....##..........#
###.....##..........#
...#...........#.....
...#.........#.##....#
.............## .....
..).#........


You could see a necrophage, a phantom, an iguana and 2 orcs.

Vanquished Creatures
  A howler monkey (D:5)
  An iguana (D:5)
  2 dart slugs (D:1)
  2 orcs
  2 endoplasms
  6 goblins (D:1)
  2 hobgoblins (D:1)
  2 jackals (D:1)
  5 kobolds
  A quokka (D:1)
  5 ball pythons
  8 bats
  4 rats
41 creatures vanquished.

Notes
Turn   | Place    | Note
-------+----------+-------------------------------------------
     0 | D:1      | Oblizorion the Hill Orc Fighter began the quest for the
                  | Orb.
     0 | D:1      | Reached XP level 1. HP: 19/19 MP: 1/1
    92 | D:1      | Reached XP level 2. HP: 27/27 MP: 2/2
   105 | D:1      | Reached skill level 3 in Axes
   618 | D:1      | Reached XP level 3. HP: 33/33 MP: 3/3
  1036 | D:2      | Found a snail-covered altar of Cheibriados.
  2085 | D:3      | Identified the ring "Ytaps" {rF+ rN+ Will+}
  2139 | D:3      | You fall into a shaft and drop 2 floors!
  2139 | D:5      | Entered Level 5 of the Dungeon
  2142 | D:5      | Noticed a phantom
  2157 | D:5      | Reached skill level 4 in Axes
  2157 | D:5      | Reached XP level 4. HP: 33/40 MP: 4/4
  2177 | D:5      | Noticed a necrophage
  2186 | D:5      | HP: 1/40 [iguana (8)]
  2188 | D:5      | Reached skill level 5 in Axes
  2188 | D:5      | Slain by an iguana

Illustrated notes

Levels and vault maps discovered:
D:1:      minmay_arrival_stair_chambers, layout_basic, minmay_misc_feat_iff
D:2:      layout_basic, basic_altar
D:3:      layout_rooms, dreamdust_ecumenical_altar_hidden_monk_grotto,
          kennysheep_flooded_box
D:5:      layout_cave_pools, kennysheep_nondescript,
          minmay_shop_enchanted_jewellery

Skill      XL: |  1  2  3  4 |
---------------+-------------+-----
Axes           | 3 4 5 |  5.0
Fighting       | 4 |  4.0
Shields        | 4 |  4.0
Armour         | |  3.8
Stealth        | |  0.1

Action                   |  1- 3 |  4- 6 || total
-------------------------+-------+-------++-------
Melee: War axe           |   109 |     5 ||   114
Throw: Stone             |    16 |       ||    16
  Use: Potion            |       |     1 ||     1
Armor: Scale mail        |    11 |       ||    11
       Chain mail        |    61 |     3 ||    64
Dodge: Dodged            |    49 |    14 ||    63
Block: Buckler           |    44 |     3 ||    47

Table legend: (Time is in decaauts)
 A = Elapsed time spent in this place.
 B = Non-inter-level travel time spent in this place.
 C = Inter-level travel time spent in this place.
 D = Time resting spent in this place.
 E = Time spent auto-exploring this place.
 F = Levels seen in this place.
 G = Mean time per level.
                   A        B        C        D        E       F      G
               +--------+--------+--------+--------+--------+-----+--------+
         Total |   2230 |   2115 |    115 |    363 |    218 |   4 |  557.5 |
       Dungeon |   2230 |   2115 |    115 |    363 |    218 |   4 |  557.5 |
               +--------+--------+--------+--------+--------+-----+--------+

Top non-repeatable levels by time:
     D:2: 1087 daAuts
     D:1: 1013 daAuts
     D:3: 77 daAuts
     D:5: 52 daAuts
